 Dungeon Crawl Stone Soup version 0.24-a0-586-g8e0e932 (webtiles) character file.

Game seed: 5667284327721567301, levelgen mode: deterministic

83 Gashadokuro the Skirmisher (level 4, -1/37 HPs)
             Began as a Demonspawn Berserker on Sept 7, 2019.
             Was a Believer of Trog.
             Slain by a goblin
             ... wielding a +2 dagger of speed
             ... led by Robin
              (2 damage)
             ... on level 2 of the Dungeon.
             The game lasted 00:03:55 (1218 turns).

Gashadokuro the Skirmisher (Demonspawn Berserker)   Turns: 1218, Time: 00:03:58

Health: -1/37      AC:  6    Str: 18    XL:     4   Next: 22%
Magic:  4/4        EV: 10    Int:  9    God:    Trog [**....]
Gold:   55         SH:  0    Dex: 12    Spells: 3/3 levels left

rFire    . . .     SeeInvis .   g - +2 spear (venom)
rCold    + . .     Gourm    .   (no shield)
rNeg     . . .     Faith    .   l - +0 scale mail
rPois    .         Spirit   .   (no helmet)
rElec    .         Reflect  .   (no cloak)
rCorr    .         Harm     .   (no gloves)
MR       .....                  (no boots)
Stlth    ..........             (no amulet)
HPRegen  0.12/turn              (no ring)
MPRegen  0.09/turn              (no ring)

@: berserk cooldown, slowed, very slow
A: cold resistance 1, demonic guardian 1, freezing cloud immunity
a: Berserk, Trog's Hand, Renounce Religion


You were on level 2 of the Dungeon.
You worshipped Trog.
Trog was pleased with you.
You were very full.

You visited 1 branch of the dungeon, and saw 2 of its levels.

You collected 55 gold pieces.

Inventory:

Hand Weapons
 a - a +0 falchion
 e - a +0 dagger
 g - a +2 spear of venom (weapon)
 h - a +0 whip
 i - a +0 club
 q - a +0 club
 s - a +0 short sword
 w - a cursed -1 spear
 x - a +0 hunting sling
 y - a +0 club
Missiles
 k - 13 arrows
 r - 46 stones (quivered)
 t - 17 bolts
Armour
 b - a +0 animal skin
 l - a +0 scale mail (worn)
Scrolls
 d - a scroll of remove curse {unknown}
 f - a scroll of identify {unknown}
 m - a scroll of teleportation {unknown}
 n - a scroll of amnesia {unknown}
 v - a scroll of immolation {unknown}
Potions
 j - a potion of agility {unknown}
 o - a potion of brilliance {unknown}
 p - a potion of haste {unknown}
 u - a potion of curing {unknown}
Comestibles
 c - a chunk of flesh


   Skills:
 + Level 3.7 Fighting
 + Level 3.2 Long Blades
 + Level 0.5 Polearms
 + Level 2.5 Armour
 + Level 2.2 Dodging
 + Level 0.2 Stealth


You had 3 spell levels left.
You didn't know any spells.
Your spell library was empty.

Dungeon Overview and Level Annotations

Branches:
Dungeon (2/15)

Altars:
Cheibriados
Vehumet

Annotations:
D:2 Robin


Innate Abilities, Weirdness & Mutations

Your flesh is cold resistant. (rC+)
A weak demonic guardian rushes to your aid.
You are immune to freezing clouds.


Message History

* * * LOW HITPOINT WARNING * * *
The goblin hits you but does no damage.
You see here a +0 club.
Robin throws the goblin at you! The goblin hits you but does no damage.
The goblin unwields a +0 hunting sling.
The goblin hits you.
* * * LOW HITPOINT WARNING * * *
You hit the goblin.
The goblin is poisoned.
The goblin is severely wounded.
You kill the goblin!
Trog accepts your kill. The goblin closely misses you.
The goblin hits you but does no damage. The goblin closely misses you.
The goblin barely misses you. The goblin closely misses you.
You hit the goblin.
You kill the goblin!
Trog accepts your kill.
The goblin no longer looks unusually strong.
The goblin hits you but does no damage.
The goblin hits you with a +2 dagger of speed.
You die...

##.........# #..
##..........##...
...........#....
##.≈≈≈........
##.≈≈≈≈≈##....
#..≈≈.≈≈_#..#
...≈≈≈≈≈##g.#
#...≈≈(.@gg)##..
#.....()gg(......#
..........#.##..##
###.##...##.#...#
#...##...#.#...#
#.....##.<#....#
.......#.......#
.._..........##
......#.÷....#


You could see Robin, a hobgoblin and 3 goblins.

Vanquished Creatures
  Natasha (D:2)
  2 adders (D:2)
  2 dart slugs
  A bat (D:1)
  A giant cockroach (D:1)
  8 goblins
  3 hobgoblins
  2 jackals (D:1)
  2 frilled lizards (D:1)
  4 kobolds
  5 rats
31 creatures vanquished.

Vanquished Creatures (collateral kills)
  2 goblins (D:2)
2 creatures vanquished.

Vanquished Creatures (others)
  A worm (D:2)
1 creature vanquished.

Grand Total: 34 creatures vanquished

Notes
Turn   | Place    | Note
-------+----------+-------------------------------------------
     0 | D:1      | Gashadokuro the Demonspawn Berserker began the quest for
                  | the Orb.
     0 | D:1      | Reached XP level 1. HP: 18/18 MP: 1/1
   325 | D:1      | Gained mutation: Your flesh is cold resistant. (rC+)
                  | [demonic ancestry]
   325 | D:1      | Reached XP level 2. HP: 23/24 MP: 2/2
   981 | D:2      | Found a radiant altar of Vehumet.
   990 | D:2      | Gained mutation: You are immune to freezing clouds.
                  | [demonic ancestry]
   990 | D:2      | Reached XP level 3. HP: 17/29 MP: 3/3
  1197 | D:2      | Noticed Natasha
  1198 | D:2      | Found a snail-covered altar of Cheibriados.
  1206 | D:2      | Killed Natasha
  1206 | D:2      | Gained mutation: A weak demonic guardian rushes to your
                  | aid. [demonic ancestry]
  1206 | D:2      | Reached XP level 4. HP: 21/37 MP: 4/4
  1206 | D:2      | Noticed Robin
  1212 | D:2      | Reached ** piety under Trog
  1216 | D:2      | HP: 1/37 [goblin[Robin] (3)]
  1218 | D:2      | Slain by a goblin

Levels and vault maps discovered:
D:1:      dpeg_arrival_shelter, layout_basic, minmay_quantized
D:2:      layout_rooms, lemuel_round_altar, kennysheep_slug_shrine,
          first_ration, minivault_24, grunt_ministairs_10, uniq_natasha,
          uniq_robin

Skill      XL: |  1  2 |
---------------+-------+-----
Armour         | 2 |  2.5
Long Blades    | 3 |  3.2
Dodging        | 2 |  2.2
Fighting       | |  3.7
Polearms       | |  0.5
Stealth        | |  0.2

Action                   |  1- 3 |  4- 6 || total
-------------------------+-------+-------++-------
Melee: Falchion          |     9 |       ||     9
       Spear             |    56 |     5 ||    61
Invok: Berserk           |       |     1 ||     1
  Eat: Ration            |     3 |       ||     3
Armor: Animal skin       |     1 |       ||     1
       Scale mail        |    23 |    12 ||    35
Dodge: Dodged            |    51 |    19 ||    70

Table legend:
 A = Non-vault XP
 B = Vault XP
 C = Vault XP percentage of total XP
 D = Non-vault monster count
 E = Vault monster count
 F = Vault count percentage of total count
                 A         B        C        D         E       F
            +---------+---------+-------+---------+---------+-------
      Total |      59 |      60 |  50.4 |      21 |      13 |  38.2
            +---------+---------+-------+---------+---------+-------
        D:1 |      26 |       9 |  25.7 |      16 |       5 |  23.8
        D:2 |      33 |      51 |  60.7 |       5 |       8 |  61.5
            +---------+---------+-------+---------+---------+-------
